[Event "*** Titled Tuesday Blitz"]
[Site "Chess.com"]
[Date "2020.03.03"]
[Round "7"]
[White "ajian"]
[Black "Harry_Rakkel"]
[Result "1-0"]
[WhiteElo "2325"]
[BlackElo "2501"]
[TimeControl "180+1"]
[EndTime "14:17:08 PST"]
[Termination "ajian won on time"]

1. d4 Nf6 2. c4 e6 3. Nc3 Bb4 4. Qc2 O-O 5. a3 Bxc3+ 6. Qxc3 b6 7. Bg5 Bb7 8. f3 h6 9. Bh4 d5 10. e3 Nbd7 11. cxd5 Nxd5 12. Bxd8 Nxc3 13. Bh4 Nd5 14. Bf2 c5 15. Ne2 Rac8 16. e4 Ne7 17. Nc3 cxd4 18. Bxd4 f5 19. Rd1 fxe4 20. Nxe4 Bxe4 21. fxe4 e5 22.
Bc3 Nf6 23. Bd3 Ng4 24. Rd2 Ng6 25. g3 Rcd8 26. Rf1 Rxf1+ 27. Kxf1 Kh7 28. h3 Nf6 29. Kg2 h5 30. h4 Ng4 31. Be2 Rxd2 32. Bxd2 Nf6 33.
Kf3 Ne7 34. Bc3 Nc6 35. Bb5 Nd4+ 36. Bxd4 exd4 37. e5 Nd5 38. Ke4 Nc7 39. Bd3 Kg8 40.
Kxd4 Kf7 41. Ke4 g6 42. Bc4+ Ke7 43. Kf4 b5 44. Bb3 Na6 45. Kg5 Nc5 46. Bc2 Nd7 47. Bxg6 Nxe5 48. Bxh5 Nc4 49. Be2 Nxb2 50. Bxb5 Nd1 51.
g4 Nc3 52. Bd3 a5 53. h5 Kf8 54. Kf6 Nd5+ 55. Ke5 1-0

[Event "*** Titled Tuesday Blitz"]
[Site "Chess.com"]
[Date "2020.03.03"]
[Round "7"]
[White "GCamachoMartinez"]
[Black "MartinMatthiesen"]
[Result "0-1"]
[WhiteElo "2395"]
[BlackElo "2597"]
[TimeControl "180+1"]
[EndTime "14:17:21 PST"]
[Termination "MartinMatthiesen won on time"]

1. d4 Nf6 2. c4 g6 3. Nc3 Bg7 4. e4 d6 5. Bd3 O-O 6. Nge2 Nc6 7. O-O Nh5 8. Be3 e5 9. d5 Ne7 10. c5 f5 11. f3 Nf6 12. Rc1 fxe4 13.
fxe4 Ng4 14. Qd2 Nxe3 15. Qxe3 Rxf1+ 16. Rxf1 Kh8 17. b4 Ng8 18. Nc1 a5 19. bxa5 Rxa5 20.
Nb3 Ra8 21. cxd6 cxd6 22. Qf2 Nf6 23. Be2 Bd7 24. Bf3 Rc8 25. Rc1 Qc7 26. Ne2 Qb8 27.
Qe3 h5 28. Rxc8+ Qxc8 29. Qc3 Qd8 30. Qb4 Qc7 31. Nc3 Bh6 32. h3 Be3+ 33. Kf1 b6 34. Be2 Kg7 35. a4 Bc8 36. Bd3 Qf7 37. Ke2 Ng4 38.
Nd1 Bc5 39. Nxc5 bxc5 40. Qb8 Qf8 41. a5 Nf6 42. Qc7+ Kh6 43. a6 c4 44. Bxc4 Nxe4 45. a7 Qf4 46. Qa5 Ng3+ 47. Kd3 Bf5+ 48. Kc3 Qd4+ 49. Kb4 Ne4 50. a8=Q Qd2+ 51. Kb5 Qxd1 52. Qh8+ Kg5 53. Qad8+ Kf4 54. Qh6+ Kg3 55. Qe3+ Kh2 0-1

[Event "*** Titled Tuesday Blitz"]
[Site "Chess.com"]
[Date "2020.03.03"]
[Round "7"]
[White "floplover"]
[Black "Irishchessman16"]
[Result "0-1"]
[WhiteElo "2318"]
[BlackElo "2195"]
[TimeControl "180+1"]
[EndTime "14:17:22 PST"]
[Termination "Irishchessman16 won on time"]

1. d4 Nf6 2. c4 e6 3. Nc3 Bb4 4. Qc2 d5 5. cxd5 exd5 6. Bg5 h6 7. Bxf6 Qxf6 8. a3 Bxc3+ 9. Qxc3 c6 10. e3 O-O 11. Nf3 Bf5 12. Be2 Nd7 13. O-O Rfe8 14.
Rfc1 h5 15. b4 a6 16. a4 Re6 17. b5 axb5 18. axb5 Rxa1 19. Qxa1 Bg4 20. Qa8+ Kh7 21. Qxb7 Qe7 22. bxc6 Bxf3 23. Qxd7 Qa3 24. Re1 Bxe2 25. c7 Qc3 26. Rb1 Qc2 27. Ra1 Rc6 28. h4 Rxc7 29.
Qxd5 Bg4 30. f3 Qc3 31. Ra8 Qxe3+ 32. Kh2 Qf4+ 33. Kg1 Rc1+ 34. Kf2 Qd2+ 35. Kg3 Qe1+ 36. Kf4 Qd2+ 37. Kg3 Be6 38. Qxh5+ Qh6 39. Qe5 Qg6+ 40. Kh2 Rc2 41. Qg3 Qxg3+ 42. Kxg3 Rd2 43. Rd8 Kg6 44. Rd6 Kf5 45. Kh2 Kf4 46. h5 Ke3 47. Kg3 Rxd4 48. Rb6 Rd5 49. Rb3+ Ke2 50. Rb2+ Kd3 51. Kh4 Kc3 52. Re2 Rd2 53. Rxd2 Kxd2 54. g4 Ke3 55. Kg3 Bd5 56. f4 Ke4 57. f5 f6 58. Kh4 Kf4 59. h6 gxh6 60. Kh5 Bf3 0-1

[Event "*** Titled Tuesday Blitz"]
[Site "Chess.com"]
[Date "2020.03.03"]
[Round "7"]
[White "KerryStead"]
[Black "HanSchut"]
[Result "1-0"]
[WhiteElo "2150"]
[BlackElo "2269"]
[TimeControl "180+1"]
[EndTime "14:17:22 PST"]
[Termination "KerryStead won by resignation"]

1. d4 Nf6 2. f3 d5 3. e4 dxe4 4. Nc3 c5 5. Bb5+ Bd7 6. dxc5 a6 7. Bxd7+ Nbxd7 8. Be3 exf3 9. Nxf3 e5 10. O-O Bxc5 11. Bxc5 Nxc5 12. Qxd8+ Rxd8 13. Nxe5 O-O 14. Rad1 h6 15. h3 b5 16. Nc6 Rxd1 17. Rxd1 Re8 18. Kf1 Nce4 19. Nxe4 Nxe4 20. Rd8 Rxd8 21. Nxd8 Kf8 22.
Ke2 Ke7 23. Nc6+ Kd6 24. Nb4 a5 25. Nd3 f5 26. g4 fxg4 27. hxg4 Nf6 28. Kf3 Nd5 29.
Nf2 Ke5 30. c3 g6 31. Nd3+ Kd6 32. a3 Nb6 33. b3 a4 34. bxa4 Nxa4 35. Nf4 g5 36. Ne2 Kd5 37. Ke3 Kc4 38. Kd2 Nc5 39.
Kc2 Ne4 40. Nd4 Nxc3 41. Nf5 Nd5 42. Nxh6 Ne3+ 43. Kd2 Kb3 44. Kxe3 Kxa3 45. Nf5 b4 46. Nd4 Kb2 47. Ke4 Kc3 48. Ne2+ Kc2 49. Kf5 Kd2 50. Nd4 Kc3 51. Ne2+ Kd2 52. Nd4 Kc3 53. Nb5+ Kc4 54.
Nd6+ Kd3 55. Ne4 b3 56. Nc5+ Kc4 57. Nxb3 Kxb3 58. Kxg5 1-0

[Event "*** Titled Tuesday Blitz"]
[Site "Chess.com"]
[Date "2020.03.03"]
[Round "7"]
[White "kleinebeer98"]
[Black "Msb2"]
[Result "0-1"]
[WhiteElo "2707"]
[BlackElo "2874"]
[TimeControl "180+1"]
[EndTime "14:17:25 PST"]
[Termination "Msb2 won on time"]

1. e4 e6 2. d4 d5 3. Nc3 Nf6 4. Bg5 dxe4 5. Nxe4 Be7 6. Bxf6 Bxf6 7. Nf3 Nd7 8. Bd3 c5 9. Nxf6+ Nxf6 10. O-O cxd4 11. Nxd4 O-O 12. Re1 a6 13. a4 Qc7 14.
Re3 b6 15. Rh3 e5 16. Rh4 exd4 17. Bxh7+ Nxh7 18. Qh5 Bf5 19. Qxf5 g6 20. Qh3 f5 21. Rxd4 Rad8 22. Rxd8 Rxd8 23. c3 Qe5 24. Qh6 Nf8 25.
h3 Qe2 26. Qf4 Ne6 27. Qg3 Kf7 28. a5 b5 29. Kh2 Rd2 30. f3 Nf4 31. Rg1 Qe3 32.
Qh4 Kg7 33. Kh1 Rxb2 34. Rd1 Nh5 35. Qd8 Qe5 36. Qg5 Nf6 37. Qh4 Re2 38. Rg1 Qe3 39. Qb4 f4 40. Qd6 Re1 41. Qc7+ Kh6 42. Rxe1 Qxe1+ 43. Kh2 Qg3+ 44. Kh1 Qe1+ 45. Kh2 Nh5 46. Qd8 Qe5 47.
Qf8+ Kh7 48. Qf7+ Kh6 49. Qf8+ Kh7 50. Qf7+ Ng7 51. Qd7 Qxc3 52. Qd8 Qe5 53. Qh4+ Nh5 54. Qd8 b4 55. Qd7+ Ng7 56. Qb7 Qxa5 57. Qe7 b3 58.
Qh4+ Qh5 59. Qxf4 b2 60. Qb4 Qe5+ 61. g3 Qe2+ 62. Kh1 Qd1+ 63. Kg2 Qc2+ 0-1

[Event "*** Titled Tuesday Blitz"]
[Site "Chess.com"]
[Date "2020.03.03"]
[Round "7"]
[White "champ2005"]
[Black "AlleyOoper"]
[Result "1-0"]
[WhiteElo "2961"]
[BlackElo "2639"]
[TimeControl "180+1"]
[EndTime "14:17:26 PST"]
[Termination "champ2005 won by resignation"]

1. f4 g6 2. Nf3 Bg7 3. g3 d6 4.
Bg2 c5 5. O-O Nc6 6. e4 Bg4 7.
h3 Bxf3 8. Qxf3 e6 9. d3 Nge7 10. c3 O-O 11. g4 f5 12. exf5 gxf5 13. Qe2 Qd7 14. Nd2 Rae8 15. Nf3 Ng6 16. Ng5 Nh4 17. gxf5 Nxf5 18. Bd2 Ng3 19. Qg4 Nxf1 20. Rxf1 Rf6 21. Be4 Rh6 22. f5 Ne5 23. fxe6 Qe7 24. Qf5 d5 25. Bxd5 Rg6 26. Kh1 Rf8 27. Nf7 Nxf7 28. exf7+ Kh8 29. Qh5 Rf6 30. Rg1 R6xf7 31. Bxf7 Qxf7 32.
Qxf7 Rxf7 33. Re1 h6 34. Kg2 Rd7 35. Re3 Kg8 36. Rf3 Kh7 37. Kf1 Kg6 38. Ke2 Be5 39. Be3 b6 40. a4 Re7 41. Kd2 Rd7 42. Kc2 Bf6 43. Bxh6 Bxc3 44. bxc3 Kxh6 45. a5 bxa5 46.
Rf6+ Kh5 47. Ra6 Kh4 48. Rxa5 Rc7 49. Kb3 Kxh3 50. Kc4 Kg3 51. Rxc5 Rd7 52. d4 Kf4 53. Re5 Rc7+ 54. Kd3 Rc8 55. Re7 Ra8 56. Re1 a5 57. Ra1 a4 58. Ra3 Ra7 59. Kc4 Ke4 60. Kb5 Kd3 61. Rxa4 Rb7+ 62. Kc6 Rb3 63. d5 Rxc3+ 64.
Kd7 1-0

[Event "*** Titled Tuesday Blitz"]
[Site "Chess.com"]
[Date "2020.03.03"]
[Round "7"]
[White "karinachess1"]
[Black "GMKrikor"]
[Result "0-1"]
[WhiteElo "2514"]
[BlackElo "2806"]
[TimeControl "180+1"]
[EndTime "14:17:28 PST"]
[Termination "GMKrikor won on time"]

1. d4 Nf6 2. Nf3 d5 3. c4 e6 4.
Nc3 h6 5. cxd5 exd5 6. Bf4 Bd6 7.
Bxd6 Qxd6 8. Qc2 c6 9. e3 O-O 10. Bd3 Nbd7 11. O-O Re8 12. Rab1 a5 13. a3 Qe7 14. Nd2 Nf8 15. b4 axb4 16. axb4 b5 17. Rfe1 Ne6 18. Nf3 Qd6 19. Ne5 Bd7 20. h3 Rec8 21. Qe2 Be8 22. Rec1 Nd7 23. f4 Nxe5 24. fxe5 Qe7 25. Rf1 Ra3 26. Qd2 Qg5 27. Rf5 Qh4 28. Ne2 Rca8 29. Rff1 Ra2 30. Rb2 Rxb2 31. Qxb2 Qg5 32.
Qd2 Ra3 33. Rf3 Bd7 34. Kh2 Qe7 35. Rg3 Kh8 36. Bb1 Ra4 37. Qc2 Nf8 38. Nf4 Rxb4 39. Nh5 g6 40. Nf6 Bf5 41. Qxf5 Qe6 42. Qf4 Kg7 43.
Nh5+ Kh7 44. Nf6+ Kg7 45. Bf5 Qe7 46. Nh5+ Kh7 47. Nf6+ Kg7 48. e4 Rxd4 49. Bg4 dxe4 50. Be2 b4 51. Ng4 Qg5 52. Qf6+ Qxf6 53. exf6+ Kh7 54.
Ne5 Rd5 55. Nxc6 Nd7 56. Nxb4 Rf5 57. Bg4 Rb5 58. Bxd7 Rxb4 59. Be8 Rb7 60. Bc6 Rc7 61. Bxe4 Rc4 0-1

[Event "*** Titled Tuesday Blitz"]
[Site "Chess.com"]
[Date "2020.03.03"]
[Round "7"]
[White "vlad_Sid"]
[Black "Gahan-MG"]
[Result "0-1"]
[WhiteElo "2685"]
[BlackElo "2533"]
[TimeControl "180+1"]
[EndTime "14:17:36 PST"]
[Termination "Gahan-MG won by checkmate"]

1. c4 Nf6 2. g3 g6 3. Bg2 d5 4. cxd5 Nxd5 5. Nc3 Nb6 6. Nf3 Bg7 7. h4 Bg4 8. d3 O-O 9. Be3 Nc6 10. Qd2 Re8 11.
Bh6 Bf6 12. Ne4 Nd4 13. Nxd4 Qxd4 14. Nxf6+ exf6 15. Be3 Qd7 16. Bxb7 Rab8 17. Bg2 Nd5 18.
Bxd5 Qxd5 19. O-O Bh3 20. f3 Bxf1 21. Kxf1 Qe5 22. Bf4 Qxb2 23. Rc1 Qxd2 24. Bxd2 Rb2 25. Ke1 Re7 26. a4 Rb6 27. h5 g5 28. g4 h6 29.
Rc4 Rbe6 30. e3 Rd7 31. Ke2 Kf8 32. Bc3 Ke7 33. e4 Kd8 34. d4 Rb6 35. Bb4 Ke8 36.
a5 Rb5 37. d5 Rb8 38. Kd3 Rb7 39. Kc3 Rd8 40. Rc6 Rdb8 41. Bc5 Rb3+ 42. Kc4 Rxf3 43.
Rxc7 Rf4 44. Re7+ Kd8 45. Rxf7 Rxe4+ 46. Kd3 Rxg4 47. Rf8+ Kc7 48. Rf7+ Kd8 49. Rf8+ Kc7 50. Rf7+ Kc8 51. Rxf6 Rb3+ 52. Kc2 Rh3 53. Rf8+ Kb7 54. Rf7+ Ka6 55. Rxa7+ Kb5 56. Rc7 Rc4+ 57. Kd2 Rxc5 58. Rb7+ Kxa5 59. d6 Rd5+ 60. Kc2 Rxd6 61. Ra7+ Kb5 62.
Rb7+ Kc5 63. Rc7+ Rc6 64. Rh7 Kd5+ 65. Kd2 Ke5 66. Ke2 Kf5 67. Kf2 Kg4 68. Rf7 Rc2+ 69.
Kg1 Rb3 70. Rf1 Rbb2 71. Kh1 Rh2+ 72. Kg1 Rbg2# 0-1

[Event "*** Titled Tuesday Blitz"]
[Site "Chess.com"]
[Date "2020.03.03"]
[Round "7"]
[White "Hrant_ChessMood"]
[Black "pouya21"]
[Result "1/2-1/2"]
[WhiteElo "2942"]
[BlackElo "2819"]
[TimeControl "180+1"]
[EndTime "14:17:59 PST"]
[Termination "Game drawn - insufficient material"]

1. d4 Nf6 2. c4 c5 3. d5 e6 4. Nc3 exd5 5. cxd5 d6 6. e4 g6 7. f4 Bg7 8. Bb5+ Nfd7 9. a4 O-O 10. Nf3 Na6 11. O-O Nb4 12. Re1 a6 13. Bf1 Re8 14.
h3 f5 15. exf5 gxf5 16. Be3 Nf6 17. Ng5 b6 18. Bc4 h6 19. Nf3 Ra7 20. Qd2 Ne4 21. Nxe4 Rxe4 22. Rac1 Qe8 23. b3 Rae7 24. Bf2 Rxe1+ 25. Rxe1 Rxe1+ 26. Qxe1 Bd7 27. Qxe8+ Bxe8 28. g4 b5 29. axb5 axb5 30. Bf1 fxg4 31. hxg4 Nxd5 32. f5 Nc3 33. Nd2 Bf7 34. Bg3 d5 35. Nf3 d4 36. Bd6 Ne4 37. Be7 Bf6 38. Bxf6 Nxf6 39. Ne5 Bxb3 40. Bxb5 Kf8 41. Kf2 Ke7 42. Kf3 Kd6 43.
Nc4+ Bxc4 44. Bxc4 Ke5 45. Bd3 Nh7 46. Ba6 Ng5+ 47.
Kg3 Kd5 48. Kf4 c4 49. Bb7+ Kc5 50. f6 c3 51. Be4 Kc4 52. Bg6 d3 53. Ke3 c2 54.
Bxd3+ Kc3 55. Bxc2 Kxc2 56. Kf4 Kd3 57. Kf5 Kd4 58.
Kg6 Ke5 59. f7 Nxf7 60. Kxf7 Kf4 61. Kg6 Kxg4 62. Kxh6 1/2-1/2

[Event "*** Titled Tuesday Blitz"]
[Site "Chess.com"]
[Date "2020.03.03"]
[Round "7"]
[White "lelya96"]
[Black "AndreyNeves"]
[Result "1/2-1/2"]
[WhiteElo "2289"]
[BlackElo "2197"]
[TimeControl "180+1"]
[EndTime "14:18:22 PST"]
[Termination "Game drawn by repetition"]

1. d4 Nf6 2. Nc3 c5 3. d5 d6 4. e4 g6 5. Nf3 Bg7 6. Bb5+ Bd7 7. a4 a6 8. Be2 O-O 9. O-O Bg4 10. Nd2 Bxe2 11. Qxe2 Nbd7 12. Nc4 b6 13. Bg5 Ne8 14. f4 Rb8 15. e5 b5 16. axb5 axb5 17. Nxd6 f6 18.
exf6 exf6 19. Qe6+ Kh8 20. Bh4 Nxd6 21. Qxd6 Rb6 22.
Qe6 Rxe6 23. dxe6 Nb6 24. Nxb5 Re8 25. Rfe1 g5 26. Bg3 g4 27. f5 Nc4 28. b3 Ne5 29. Rad1 Qb8 30. Nd6 h5 31. Bxe5 fxe5 32. Nxe8 Qxe8 33.
Rd7 e4 34. Red1 Bd4+ 35. Kf1 e3 36. Ke2 Qf8 37. c3 Qxf5 38. cxd4 Qf2+ 39. Kd3 e2 40. Rd8+ Kh7 41. Rd7+ Kg6 42. Rd2 e1=Q 43. Rxf2 Qxf2 44. e7 Qf1+ 45. Kc3 cxd4+ 46. Rxd4 Qf7 47. Rd6+ Kg5 48. Rd7 Qe8 49. Rc7 h4 50. Rc5+ Kf4 51. Rc4+ Ke3 52. Rc7 Kf2 53. g3 h3 54. b4 Kg2 55. b5 Kxh2 56. b6 Kxg3 57. b7 h2 58. Rc8 Qxe7 59. b8=Q+ Kg2 60. Qb7+ Kg1 61. Qb8 h1=Q 62. Qa8 Qee4 63.
Qa1+ Kg2 64. Qb2+ Kg3 65. Rc4 Qhf3+ 66. Kb4 Qxc4+ 67. Kxc4 Qf4+ 68. Kb3 Qf3+ 69. Kb4 Qf4+ 70. Kb3 Qf2 71. Qe5+ Kg2 72. Kc3 Qf3+ 73. Kd4 g3 74.
Qb5 Qf2+ 75. Ke4 Kh1 76. Qh5+ Qh2 77. Qd1+ Kg2 78. Qe2+ Kh3 79. Qh5+ Kg2 80. Qf3+ Kg1 81. Qd1+ Kf2 82. Qd2+ Kf1 83. Qd1+ Kf2 84. Qd2+ Kf1 85.
Qd1+ Kf2 1/2-1/2

[Event "*** Titled Tuesday Blitz"]
[Site "Chess.com"]
[Date "2020.03.03"]
[Round "7"]
[White "MFguimaraes"]
[Black "chessdjw"]
[Result "0-1"]
[WhiteElo "2407"]
[BlackElo "2619"]
[TimeControl "180+1"]
[EndTime "14:18:31 PST"]
[Termination "chessdjw won by resignation"]

1. e4 Nc6 2. Nf3 e5 3. Bc4 Bc5 4. b4 Bxb4 5. c3 Be7 6. d4 Na5 7. Nxe5 Nxc4 8. Nxc4 d5 9. exd5 Qxd5 10. Ne3 Qa5 11.
O-O Nf6 12. c4 c6 13. Bd2 Qc7 14. Nc3 O-O 15. Re1 Re8 16. h3 Bf8 17. Qf3 Bd7 18. d5 cxd5 19. Ncxd5 Nxd5 20. cxd5 b5 21. Rac1 Qb7 22.
Bc3 a5 23. Ng4 Bxg4 24. hxg4 b4 25. Bb2 Rxe1+ 26. Rxe1 a4 27. g5 b3 28. axb3 a3 29. Ba1 Rb8 30. Rb1 Qc7 31. Qc3 Qxc3 32. Bxc3 a2 33. Ra1 Rxb3 34. Be5 Rb1+ 35. Kh2 Bd6 36.
Rxa2 Bxe5+ 37. g3 g6 38. f4 Bd6 39. Ra6 Bc5 40. Rc6 Bf8 41. Rc8 Rd1 42. Rd8 Kg7 43. Rd7 Bc5 44. Kh3 Rd3 45. Kg2 Bb4 46.
Kf2 Ba3 47. g4 Bc5+ 48. Kg2 Rd4 49. Kf3 Kf8 50. f5 Ke8 51. fxg6 hxg6 52. Rc7 Bd6 53. Rc8+ Kd7 54. Ra8 Rxd5 55. Ra4 Rxg5 56. Ra7+ Ke6 57. Ra8 Rb5 58. Re8+ Be7 59. Rc8 Rb3+ 60. Ke4 Rb4+ 61. Kf3 g5 62. Rc6+ Bd6 63. Ra6 Rf4+ 64. Ke3 Rxg4 65. Ra8 f5 66. Re8+ Be7 67. Rg8 Re4+ 68. Kf3 g4+ 69. Kg2 Re2+ 70. Kf1 Ra2 71. Rg6+ Bf6 72. Rg8 Ke5 73. Rb8 Ke4 74. Rb4+ Bd4 75. Rb3 f4 76. Rb1 g3 77. Re1+ Be3 78. Re2 Rxe2 79.
Kxe2 g2 0-1

[Event "*** Titled Tuesday Blitz"]
[Site "Chess.com"]
[Date "2020.03.03"]
[Round "7"]
[White "ChessBitl"]
[Black "GMsKoRPioN"]
[Result "1-0"]
[WhiteElo "2323"]
[BlackElo "2457"]
[TimeControl "180+1"]
[EndTime "14:22:32 PST"]
[Termination "ChessBitl won by checkmate"]

1. e4 d6 2. d4 g6 3. f3 Bg7 4. c4 Nf6 5. Nc3 O-O 6. Be3 e5 7. d5 Nh5 8. Qd2 f5 9. Bd3 Nd7 10. Nge2 Ndf6 11. O-O-O a6 12. Kb1 Bd7 13. Rc1 Qe7 14.
h3 f4 15. Bf2 Kh8 16. Rhd1 Ng8 17.
Qc2 Bf6 18. Na4 b6 19. b4 a5 20. b5 Bh4 21. Bg1 Rfc8 22. Nb2 Be8 23. a4 Ngf6 24. Qd2 Nd7 25. Nc3 Nc5 26. Bc2 Ng3 27.
Nd3 Bf6 28. Nxc5 dxc5 29. Ne2 Rd8 30. Nxg3 fxg3 31. Be3 Qd6 32. Ka2 Bd7 33. Bb3 Rf8 34. Bh6 Rf7 35. Qe1 Rg8 36. Be3 Bh4 37. Qc3 Kg7 38. Rd2 h6 39. Rcd1 Bc8 40. Bc2 Re8 41. Rf1 Ref8 42. Re2 Kh7 43. Qd2 h5 44. Qd1 Qf6 45.
Bd2 Rd8 46. Bc3 Bg5 47. Qa1 Bf4 48. Rd1 Qd6 49. Rd3 g5 50. Qd1 Kg8 51. Kb3 Rg7 52.
Re1 Rg6 53. Rh1 Rd7 54. Qa1 Rdg7 55. Bd1 Rf7 56. Be2 Bd7 57. Qb2 Kf8 58. Qa1 Ke8 59.
Qb2 Kd8 60. Qa1 Ke7 61. Qb2 Qf6 62. Qc2 Kd6 63. Rd2 Rg8 64. Rdd1 Qg7 65. Rdf1 Be3 66. Qd3 Bd4 67. Bd2 Rf4 68. Bxf4 exf4 69. Rd1 Qe5 70. Rd2 Re8 71. Rhd1 Qf6 72. Qc2 Be5 73. Qa2 Rg8 74. Qc2 Bc8 75. Rh1 Rg7 76. Rdd1 Qe7 77. Ka2 Qf8 78.
Kb3 Qg8 79. Ka2 Qe8 80. Kb3 Qg6 81. Ka2 Rh7 82. Kb3 Qg8 83. Ka2 Qh8 84. Kb3 Bd7 85. Ka2 Ke7 86. Kb3 Bd6 87. Ka2 Qe5 88. Qb2 Qxb2+ 89. Kxb2 Be5+ 90. Kc2 Kd6 91. Kd3 Bd4 92. Rde1 Ke5 93. Rd1 Bc8 94. Rb1 Rg7 95. Rbd1 Rf7 96. Rb1 Be3 97. Rbd1 Kd6 98. Rb1 Bb7 99. Rbd1 Re7 100. Rb1 Bc8 101. Rbd1 Re5 102. Rb1 Bd7 103. Rbd1 Re8 104. Rb1 Ke5 105. Rbd1 Rg8 106. Kc2 Bd4 107. Rd3 Bc8 108. Rdd1 Rg7 109. Rd3 Rh7 110. Rdd1 Bd7 111. Rd3 Be8 112. Rdd1 Bg6 113. Kb3 Rh8 114. Rd3 Rh7 115. Rdd1 Rh6 116. Rd3 Kd6 117. Rdd1 Be5 118. Rd3 Rh8 119. Rdd1 Re8 120. Rd3 Bg7 121. Rdd1 Re7 122. Rd3 g4 123. hxg4 hxg4 124.
Rdd1 gxf3 125. gxf3 Bd4 126. Bf1 Rg7 127. Bg2 Be8 128. Kc2 Bd7 129. Kd3 Rg6 130. Rh4 Be5 131. Rdh1 Be8 132. Rh6 Ke7 133. Rxg6 Bxg6 134. Rh4 Kf6 135. Rh1 Kg7 136. Bh3 Kf6 137. Bg4 Kg5 138. Bh3 Bd4 139. Bg2 Bh5 140. Rd1 Be5 141. Rh1 Bd6 142. Rd1 Be5 143. Re1 Bg6 144. Rh1 Bd4 145. Re1 Bh7 146. Rd1 Bg8 147. Rf1 Bf7 148.
Ke2 Bh5 149. Rd1 Be5 150. Rd3 Kh4 151. Rd1 Bf7 152. Rh1+ Kg5 153. Rh7 Kg6 154. Rh4 Be8 155. Rh1 Bd7 156. Rd1 Kg5 157. Rf1 Kh4 158. Rh1+ Kg5 159. Rh7 Be8 160. Re7 Bd6 161. Rxe8 Kf6 162. Re6+ Kf7 163. Bh3 Kg7 164. Kf1 Kf7 165. Kg2 Kg7 166. Bf5 Kf7 167. Rg6 Ke7 168. Re6+ Kf7 169. e5 Be7 170. Rxe7+ Kxe7 171. Bd3 Kf7 172. Bf1 Kg6 173. Kh3 Kf5 174. e6 Kf6 175. Kg4 Ke7 176. Kxf4 g2 177. Bxg2 c6 178. Ke5 cxb5 179. cxb5 c4 180. d6+ Kd8 181. Bf1 c3 182. Bd3 Kc8 183. e7 c2 184. Bf5+ Kb7 185. Bxc2 Ka7 186. Be4 Kb8 187. e8=Q+ Ka7 188.
Qa8# 1-0

[Event "*** Titled Tuesday Blitz"]
[Site "Chess.com"]
[Date "2020.03.03"]
[Round "8"]
[White "boasovietica"]
[Black "PawnEatingZombie"]
[Result "1-0"]
[WhiteElo "2463"]
[BlackElo "2209"]
[TimeControl "180+1"]
[EndTime "14:29:22 PST"]
[Termination "boasovietica won by resignation"]

1. Nf3 d5 2. e3 e6 3. c4 Nf6 4. Nc3 Bd6 5. b3 a6 6. Bb2 O-O 7. Qc2 b6 8. g4 h6 9. g5 hxg5 10.
Nxg5 Bb7 11. Nxd5 Nbd7 12. Bxf6 1-0

[Event "*** Titled Tuesday Blitz"]
[Site "Chess.com"]
[Date "2020.03.03"]
[Round "8"]
[White "RiskyDecision"]
[Black "Eliwood44"]
[Result "1-0"]
[WhiteElo "2605"]
[BlackElo "2306"]
[TimeControl "180+1"]
[EndTime "14:30:20 PST"]
[Termination "RiskyDecision won by resignation"]

1. d4 Nf6 2. c4 e6 3. g3 d5 4. Nf3 dxc4 5. Bg2 a6 6. O-O Nc6 7. e3 Bd6 8. Nbd2 b5 9. Ne5 Bxe5 10.
Bxc6+ Bd7 11. Bxa8 Qxa8 12. dxe5 h5 13. exf6 h4 14.
fxg7 Rg8 15. Qh5 1-0

[Event "*** Titled Tuesday Blitz"]
[Site "Chess.com"]
[Date "2020.03.03"]
[Round "8"]
[White "BeanScreen"]
[Black "ChelsieMonica"]
[Result "1-0"]
[WhiteElo "2650"]
[BlackElo "2200"]
[TimeControl "180+1"]
[EndTime "14:31:21 PST"]
[Termination "BeanScreen won by checkmate"]

1. e4 e5 2. Nf3 Nc6 3. Bc4 Bc5 4. c3 Nf6 5. d3 O-O 6. Nbd2 d5 7. exd5 Nxd5 8. Ne4 Be7 9. O-O Nb6 10. Bb3 Kh8 11. Nfg5 f5 12. Qh5 Bxg5 13. Nxg5 Qxg5 14. Bxg5 a5 15.
Rae1 a4 16. Bf7 Bd7 17. Bg6 h6 18. Bxh6 gxh6 19. Qxh6+ Kg8 20. Qh7# 1-0

[Event "*** Titled Tuesday Blitz"]
[Site "Chess.com"]
[Date "2020.03.03"]
[Round "8"]
[White "Resignify"]
[Black "PowerThinking2650"]
[Result "0-1"]
[WhiteElo "2206"]
[BlackElo "2384"]
[TimeControl "180+1"]
[EndTime "14:31:22 PST"]
[Termination "PowerThinking2650 won by resignation"]

1. e4 e5 2. Nf3 Nc6 3. Bb5 a6 4. Ba4 Nf6 5. O-O Be7 6. Re1 b5 7. Bb3 d6 8. c3 O-O 9. h3 Bb7 10.
d3 Na5 11. Bc2 c5 12. Nbd2 Re8 13. Nf1 Bf8 14. Ng3 h6 15. Nf5 d5 16. Qe2 c4 17. exd5 cxd3 18. Bxd3 e4 19. N3d4 exd3 20. Qd1 Qxd5 21. Ne3 Rxe3 0-1

[Event "*** Titled Tuesday Blitz"]
[Site "Chess.com"]
[Date "2020.03.03"]
[Round "8"]
[White "Zq1"]
[Black "secretsuperstar7"]
[Result "1-0"]
[WhiteElo "2574"]
[BlackElo "2221"]
[TimeControl "180+1"]
[EndTime "14:31:58 PST"]
[Termination "Zq1 won by resignation"]

1. d4 Nf6 2. c4 e6 3. Nc3 Bb4 4. e3 d5 5. a3 Bxc3+ 6. bxc3 O-O 7. cxd5 exd5 8. Bd3 Re8 9. Ne2 Ne4 10. f3 Nd6 11. O-O Bf5 12. Bxf5 Nxf5 13. Qd3 g6 14. e4 Ne7 15. Bg5 Nd7 16. e5 Nf8 17. Ng3 Qd7 18. f4 Ne6 19. Bxe7 Rxe7 20. f5 Ng5 21.
Qe3 Ne4 22. Nxe4 dxe4 23. f6 Qh3 24. Qxh3 1-0

[Event "*** Titled Tuesday Blitz"]
[Site "Chess.com"]
[Date "2020.03.03"]
[Round "8"]
[White "ChristianAlm"]
[Black "SerGo055"]
[Result "0-1"]
[WhiteElo "2360"]
[BlackElo "2528"]
[TimeControl "180+1"]
[EndTime "14:31:58 PST"]
[Termination "SerGo055 won by resignation"]

1. d4 Nf6 2. Bg5 d5 3. Nd2 Bf5 4. e3 e6 5. Bd3 Be7 6. f4 O-O 7.
Ngf3 Nbd7 8. O-O h6 9. Bh4 Ng4 10. Bxe7 Qxe7 11. Qe2 Bxd3 12. cxd3 f5 13. h3 Ngf6 14.
Ne5 c5 15. Ng6 Qd6 16. Nxf8 Rxf8 17. dxc5 Nxc5 18. d4 Nce4 19. Nxe4 Nxe4 20. Rfc1 Kh7 21. Rc2 Rf7 22. Rac1 g5 23. Qh5 Rg7 24. fxg5 Nxg5 25.
Rc8 Qg3 26. Qe8 Nxh3+ 0-1

[Event "*** Titled Tuesday Blitz"]
[Site "Chess.com"]
[Date "2020.03.03"]
[Round "8"]
[White "Eloist"]
[Black "MFguimaraes"]
[Result "1/2-1/2"]
[WhiteElo "2297"]
[BlackElo "2405"]
[TimeControl "180+1"]
[EndTime "14:31:58 PST"]
[Termination "Game drawn by repetition"]

1. e4 e5 2. Bc4 Nf6 3. d3 c6 4. Nf3 d5 5. Bb3 a5 6. a4 Bd6 7.
exd5 Nxd5 8. O-O O-O 9. Re1 Bg4 10. h3 Bh5 11. Nbd2 Nd7 12. Ne4 Bc7 13. Ng3 Bg6 14.
Bg5 f6 15. Bd2 Nc5 16. Bc4 Kh8 17. Nh4 Bf7 18. Nhf5 g6 19. Nh6 Be6 20. Ng4 Qd7 21. Bh6 Rf7 22. d4 Bxg4 23. hxg4 exd4 24. Qxd4 Ne6 25.
Qe4 Nc5 26. Qd4 Ne6 27. Qe4 Nc5 28. Qd4 1/2-1/2

[Event "*** Titled Tuesday Blitz"]
[Site "Chess.com"]
[Date "2020.03.03"]
[Round "8"]
[White "MathiasWomacka"]
[Black "VFernandezB"]
[Result "1-0"]
[WhiteElo "2395"]
[BlackElo "2250"]
[TimeControl "180+1"]
[EndTime "14:32:24 PST"]
[Termination "MathiasWomacka won by resignation"]

1. e4 c5 2. Nf3 Nc6 3. d4 cxd4 4.
Nxd4 g6 5. c4 Bg7 6. Be3 Nf6 7.
Nc3 O-O 8. Be2 d6 9. O-O Bd7 10. Qd2 Nxd4 11. Bxd4 Bc6 12. f3 a5 13. b3 Nd7 14.
Be3 Nc5 15. Rac1 b6 16. Rc2 Be5 17. Nb5 e6 18. Bg5 f6 19. Bh6 Re8 20. f4 Nxe4 21.
Qe3 Bxb5 22. cxb5 Nc5 23. fxe5 dxe5 24. Rd2 Qe7 25. Bc4 Red8 26. Rfd1 Rxd2 27. Qxd2 g5 28. h4 g4 29. Qd6 Kf7 30. Qxb6 f5 31. Bg5 Qf8 32. Qc7+ Kg6 33. Be7 Qc8 34. Qxc5 1-0

[Event "*** Titled Tuesday Blitz"]
[Site "Chess.com"]
[Date "2020.03.03"]
[Round "8"]
[White "DonPreuss"]
[Black "stoleriu"]
[Result "0-1"]
[WhiteElo "2205"]
[BlackElo "2475"]
[TimeControl "180+1"]
[EndTime "14:32:28 PST"]
[Termination "stoleriu won by resignation"]

1. Nc3 e6 2. e4 d5 3. d4 Bb4 4. exd5 exd5 5. Bd3 Nc6 6. Ne2 Bg4 7.
f3 Bh5 8. O-O Nge7 9. Ng3 Bg6 10. f4 Bxd3 11. Qxd3 Qd7 12. f5 f6 13. Nce2 Bd6 14. c3 O-O-O 15. Bf4 h5 16. Bxd6 Qxd6 17. Nf4 h4 18. Nge2 Rdg8 19. Ng6 Nxg6 20. fxg6 Re8 21. Nf4 Re4 22. Qf3 Rhe8 23. Qg4+ Kb8 24. Qxh4 Na5 25.
b3 c5 26. Qh7 Rxf4 27. Rxf4 Qxf4 28. Rf1 Qe3+ 29. Kh1 Qf2 30. Rg1 Re1 31. Qg8+ Kc7 0-1

[Event "*** Titled Tuesday Blitz"]
[Site "Chess.com"]
[Date "2020.03.03"]
[Round "8"]
[White "Dale"]
[Black "dopolian"]
[Result "0-1"]
[WhiteElo "1939"]
[BlackElo "2378"]
[TimeControl "180+1"]
[EndTime "14:32:29 PST"]
[Termination "dopolian won by checkmate"]

1. c3 Nf6 2. d3 d5 3. g3 g6 4. Nf3 Bg7 5. Bg2 O-O 6. O-O c5 7.
a3 Nc6 8. b4 cxb4 9. cxb4 Bg4 10.
Bb2 a6 11. Nc3 Rc8 12. Qb3 d4 13. Ne4 Nxe4 14. dxe4 Be6 15. Qd3 b5 16. Rad1 Bc4 17.
Qd2 e5 18. Rfe1 Qb6 19. h3 Rfd8 20. h4 h5 21. Qg5 Qc7 22. Qd2 Qe7 23. Bc1 Nb8 24.
Qb2 Nd7 25. Bg5 Bf6 26. e3 Bxg5 27. Nxg5 dxe3 28. Rxe3 Nb6 29. Rxd8+ Rxd8 30. Bh3 Rd1+ 31. Kg2 Bf1+ 32. Kh2 Nc4 33. Qc2 Nxe3 34. fxe3 Qd8 35. Qc6 Qd2+ 36. Kh1 Bxh3# 0-1